 Dungeon Crawl Stone Soup version 0.21.1-1-g345015f (webtiles) character file.

284 Iko the Skirmisher (level 6, -1/52 HPs)
             Began as a Centaur Abyssal Knight on May 26, 2018.
             Was a Believer of Lugonu.
             Slain by an orc priest (2 damage)
             ... on level 4 of the Dungeon.
             The game lasted 00:14:58 (1467 turns).

Iko the Skirmisher (Centaur Abyssal Knight)         Turns: 1467, Time: 00:15:01

Health: -1/52      AC:  6    Str: 14      XL:     6   Next: 7%
Magic:  7/7        EV:  8    Int: 11 (12) God:    Lugonu [**....]
Gold:   111        SH:  0    Dex:  8 (10) Spells: 5/5 levels left

rFire    x . .     SeeInvis .   i - +0 flail (protect)
rCold    + . .     Gourm    .   (no shield)
rNeg     . . .     Faith    .   g - +0 ring mail
rPois    .         Spirit   .   (no helmet)
rElec    .         Reflect  .   (no cloak)
rCorr    .         Harm     .   (no gloves)
MR       .....                  (no barding)
Stlth    ..........             (no amulet)
HPRegen  0.17/turn              h - ring of ice
MPRegen  0.10/turn              (no ring)

@: very quick
A: large, hooves 3, deformed body, speed 2, tough skin 3
a: Depart the Abyss, Bend Space, Renounce Religion


You were on level 4 of the Dungeon.
You worshipped Lugonu.
Lugonu was pleased with you.
You were full.

You visited 1 branch of the dungeon, and saw 4 of its levels.
You visited the Abyss 1 time.

You collected 111 gold pieces.

Inventory:

Hand Weapons
 i - a +0 flail of protection (weapon)
Armour
 g - a +0 ring mail (worn)
Jewellery
 h - a ring of ice (left hand)
Wands
 a - a wand of iceblast (3)
Scrolls
 c - a scroll of immolation
 d - 2 scrolls of identify
 e - 2 scrolls of teleportation
 f - a scroll of enchant armour {unknown}
Comestibles
 b - 7 rations


   Skills:
 + Level 4.1 Fighting
 + Level 1.0 Maces & Flails
   Level 1.7 Polearms
 + Level 2.6 Armour
 + Level 1.8 Dodging
 + Level 2.8 Unarmed Combat
 + Level 2.0 Invocations
 + Level 0.6 Evocations


You had 5 spell levels left.
You didn't know any spells.

Dungeon Overview and Level Annotations

Branches:
Dungeon (4/15)
 Temple: D:4-7

Altars:
Vehumet
Zin

Shops:
D:3 *


Innate Abilities, Weirdness & Mutations

You have hooves in place of feet.
Armour fits poorly on your strangely shaped body.
You cover ground very quickly.
You have extremely tough skin. (AC +3)


Message History

There is an open door here.
An orc priest comes into view.
You see here a scroll labeled VELUX XULEME.
There is an open door here.
You see here a scroll labeled VELUX XULEME.
f - a scroll labeled VELUX XULEME The orc priest calls down the wrath of Beogh upon you.
Pain shoots through your body!
* * * LOW HITPOINT WARNING * * *
An orc priest and an orc wizard come into view.
The orc wizard shouts!
The orc priest shouts!
An orc wizard comes into view. It is wielding a dagger.
You closely miss the orc priest.
The orc wizard shouts!
Your kick misses the orc priest. The orc priest barely misses you.
The orc priest invokes the aid of Beogh against you.
Beogh smites you!
* * * LOW HITPOINT WARNING * * *
The orc priest hits you.
You die...

...†............#.......
................#..[....
................#.......
.....##....##...'....>..
.....##....##...#.......
.....##....###'##.......
...........#.........##
...........#.........#
.....##....#....@....#
## #....#.....o...+
#.........# #.........#
#.........# #.........oo
##########... o..


You could see 2 orc priests and 2 orc wizards.

Vanquished Creatures
  An ogre (D:4)
  An orc wizard (D:3)
  Jessica (D:4)
  Ijyb (D:2)
  Natasha (D:4)
  3 adders
  2 oozes
  7 orcs
  3 giant cockroaches
  5 goblins
  9 hobgoblins
  3 jackals (D:4)
  2 kobolds
  3 quokkas (D:3)
  5 bats
  3 frilled lizards
  4 rats
54 creatures vanquished.

Notes
Turn   | Place    | Note
-------+----------+-------------------------------------------
     0 | Abyss:1  | Iko the Centaur Abyssal Knight began the quest for the Orb.
     0 | Abyss:1  | Reached XP level 1. HP: 19/19 MP: 2/2
   469 | D:1      | Escaped the Abyss
   628 | D:2      | Reached XP level 2. HP: 20/26 MP: 3/3
   629 | D:2      | Found a radiant altar of Vehumet.
   684 | D:3      | Noticed Ijyb
   698 | D:3      | Found Zin's Purification Station.
   706 | D:3      | Found a glowing silver altar of Zin.
   753 | D:2      | Killed Ijyb
   753 | D:2      | Reached skill level 1 in Polearms
   753 | D:2      | Reached XP level 3. HP: 22/31 MP: 4/4
   896 | D:3      | Reached skill level 1 in Dodging
   897 | D:3      | Reached ** piety under Lugonu
   907 | D:3      | Reached XP level 4. HP: 31/39 MP: 5/5
  1189 | D:3      | Noticed Jessica
  1214 | D:4      | Killed Jessica
  1214 | D:4      | Reached XP level 5. HP: 13/46 MP: 6/6
  1227 | D:4      | Noticed an ogre
  1231 | D:4      | Killed an ogre
  1231 | D:4      | Reached skill level 4 in Fighting
  1428 | D:4      | Noticed Natasha
  1438 | D:4      | Killed Natasha
  1438 | D:4      | Reached skill level 1 in Maces & Flails
  1438 | D:4      | Reached XP level 6. HP: 23/52 MP: 7/7
  1467 | D:4      | HP: 1/52 [orc priest/divine providence (12)]
  1467 | D:4      | Slain by an orc priest

Skill      XL: |  1  2  3  4  5 |
---------------+----------------+-----
Polearms       | 1 |  1.7
Dodging        | 1 |  1.8
Armour         | 2 |  2.6
Fighting       | 4 |  4.1
Maces & Flails | 1 |  1.0
Unarmed Combat | |  2.8
Invocations    | |  2.0
Evocations     | |  0.6

Action                   |  1- 3 |  4- 6 || total
-------------------------+-------+-------++-------
Melee: Unarmed           |    12 |       ||    12
       Kick              |    11 |    11 ||    22
       Club              |    10 |       ||    10
       Trident           |    60 |    18 ||    78
       Flail             |       |    49 ||    49
       Punch             |       |     1 ||     1
Evoke: Wand              |     1 |     6 ||     7
  Use: Potion            |     8 |     5 ||    13
       Scroll            |     4 |     5 ||     9
  Eat: Ration            |       |     2 ||     2
Armor: Leather armour    |    11 |       ||    11
       Ring mail         |    26 |    53 ||    79
Dodge: Dodged            |    54 |    42 ||    96
